[Event "Titled Tuesday Blitz January 03 Early 2023"]
[White "Kusa, Jakub"]
[Black "Dushyant Sharma"]
[WhiteFideId "395595"]
[BlackFideId "25065130"]
[WhiteElo "2366"]
[BlackElo "2355"]
[Result "1-0"]
[Round "05"]
[TimeControl "180+2"]
[Date "2023.01.03"]
[WhiteClock "0:00:05"]
[BlackClock "0:00:06"]

1. d4 d5 2. Nf3 e6 3. c4 Nf6 4. g3 Be7 5. Bg2 O-O 6. O-O dxc4 7. Qc2 c5 8. dxc5 Nc6 9. Qxc4 e5 10. Nc3 Be6 11. Qb5 Qc7 12. Bg5 a6 13. Qa4 h6 14. Bxf6 Bxf6 15. Ne4 Be7 16. Rfd1 Rae8 17. Rac1 Rd8 18. a3 f5 19. Nd6 Bxd6 20. cxd6 Rxd6 21. Rxd6 Qxd6 22. Rd1 Qc5 23. e3 f4 24. exf4 exf4 25. Qe4 Bf5 26. Qxf4 Bc2 27. Qd6 Qb6 28. Rd2 Qxb2 29. Qe6+ Kh8 30. Ne1 Nd4 31. Qe3 Qc1 32. Rxc2 Qxe3 33. fxe3 Nxc2 34. Nxc2 Rc8 35. Nd4 Rc3 36. Bxb7 Rxe3 37. Bxa6 Rxa3 38. Be2 Ra4 39. Nf3 Ra2 40. Kf2 g5 41. Ne5 Kg7 42. Ke3 Kf6 43. Ng4+ Kg6 44. Bd3+ Kg7 45. h4 h5 46. Ne5 gxh4 47. gxh4 Rh2 48. Nf3 Rh1 49. Kf4 Kh6 50. Kg3 Ra1 51. Be4 Ra4 52. Bd3 Rg4+ 53. Kh3 Rb4 54. Be2 Rb2 55. Bd1 Rb1 56. Bc2 Rc1 57. Bf5 Rc5 58. Be4 Rc4 59. Nd2 Rd4 60. Bf3 Rxd2 61. Kg3 Ra2 62. Bd1 Ra3+ 63. Bf3 Kg6 64. Kf2 Ra4 65. Kg3 Rb4 66. Be2 Rb8 67. Bf3 Rh8 68. Kf4 Kf6 69. Be2 Kg6 70. Bd3+ Kh6 71. Be2 Rf8+ 72. Kg3 Rg8+ 73. Kf4 Rg1 74. Bf3 Ra1 75. Kg3 Ra5 76. Be2 Kg6 77. Bd3+ Kf6 78. Be2 Rf5 79. Bf3 Ke5 80. Bd1 Kd4 81. Be2 Ke3 82. Bd1 Rd5 83. Bf3 Ra5 84. Bd1 Kd2 85. Bf3 Ke1 86. Bc6 Ra3+ 87. Bf3 Kf1 88. Kf4 Ra5 89. Bxh5 Rxh5 90. Kg4 Ra5 91. h5 Kg2 92. h6 Ra4+ 93. Kg5 Kg3 94. h7 Ra8 95. Kg6 Kg4 96. Kg7 Kg5 97. h8=Q Ra7+ 98. Kg8 Kg6 99. Qh1 Rg7+ 100. Kf8 Rf7+ 101. Ke8 Rg7 102. Qg2+ Kf6 103. Qf3+ Kg6 104. Qe4+ Kh6 105. Kf8 Rg6 106. Qh4# 1-0


[Site "https://www.chess.com"]

[Event "Titled Tuesday Blitz January 03 Early 2023"]
[White "Lehtosaari, Mauri"]
[Black "aidenzhouu"]
[WhiteFideId "501999"]
[WhiteElo "2176"]
[BlackElo "2382"]
[Result "1/2-1/2"]
[Round "05"]
[TimeControl "180+2"]
[Date "2023.01.03"]
[WhiteClock "0:00:05"]
[BlackClock "0:00:15"]

1. d4 Nf6 2. Nf3 g6 3. c4 Bg7 4. e3 O-O 5. Be2 d6 6. O-O c5 7. Nc3 b6 8. b3 e6 9. Bb2 Bb7 10. Qc2 a6 11. Rad1 Qc7 12. Nd2 Nc6 13. dxc5 dxc5 14. a3 Rfd8 15. Bf3 Ne5 16. Bxb7 Qxb7 17. Nce4 Nxe4 18. Nxe4 Qc7 19. h3 Nc6 20. Bxg7 Kxg7 21. f4 f6 22. Qc3 Qe7 23. g4 e5 24. f5 g5 25. Qc2 Rxd1 26. Rxd1 Rd8 27. Nc3 Rxd1+ 28. Qxd1 Qd8 29. Nd5 Ne7 30. Kg2 b5 31. Kf3 Nxd5 32. cxd5 Qd6 33. Qd3 Kf7 34. e4 Ke7 35. Qc3 Qb6 36. Kg3 Kd6 37. h4 h6 38. hxg5 hxg5 39. Qe1 c4 40. bxc4 bxc4 41. Kf3 Qb3+ 42. Qe3 a5 43. Ke2 Qc2+ 44. Kf3 Qd1+ 45. Kf2 Qc2+ 46. Kf3 Qb3 47. Ke2 Qc2+ 48. Kf3 1/2-1/2


[Site "https://www.chess.com"]

[Event "Titled Tuesday Blitz January 03 Early 2023"]
[White "Tomaszewski, Kacper"]
[Black "Sanchez, Robert"]
[WhiteFideId "1127373"]
[BlackFideId "2034360"]
[WhiteElo "2313"]
[BlackElo "1966"]
[Result "1-0"]
[Round "05"]
[TimeControl "180+2"]
[Date "2023.01.03"]
[WhiteClock "0:00:37"]
[BlackClock "0:01:29"]

1. e4 c6 2. d4 d5 3. exd5 cxd5 4. Nf3 Nf6 5. c3 Nc6 6. Bf4 Bg4 7. Qb3 Na5 8. Qa4+ Bd7 9. Qc2 e6 10. Nbd2 Be7 11. Bd3 O-O 12. O-O b5 13. Ne5 Be8 14. Ndf3 Rc8 15. Ng5 g6 16. Ngf3 b4 17. Bh6 bxc3 18. bxc3 Ne4 19. Bxf8 Bxf8 20. Bxe4 dxe4 21. Qxe4 Rxc3 22. Rfc1 Ra3 23. h4 f6 24. Ng4 f5 25. Qxe6+ Bf7 26. Qc8 Qxc8 27. Nf6+ Kg7 28. Rxc8 Bd6 29. Ne8+ Bxe8 30. Rxe8 Nb3 31. Rb1 Na5 32. Rd8 Nc4 33. Ng5 Kf6 34. Rb7 Rxa2 35. Rf7# 1-0


[Site "https://www.chess.com"]

[Event "Titled Tuesday Blitz January 03 Early 2023"]
[White "Cappai, Davide"]
[Black "Nathan, Nitish"]
[WhiteFideId "813338"]
[BlackFideId "30927870"]
[WhiteElo "2140"]
[BlackElo "2071"]
[Result "1-0"]
[Round "05"]
[TimeControl "180+2"]
[Date "2023.01.03"]
[WhiteClock "0:02:52"]
[BlackClock "0:02:40"]

1. b3 d5 2. Bb2 Bf5 3. f4 e6 4. Nf3 Nd7 5. e3 Ngf6 6. g3 Bd6 7. Bg2 O-O 8. O-O h6 9. d3 c5 10. Nbd2 b5 11. Qe2 Rc8 12. e4 Qb6 13. exf5 c4+ 14. Bd4 Bc5 15. Bxc5 Qxc5+ 16. d4 Qd6 17. bxc4 bxc4 18. fxe6 Rfe8 19. exd7 1-0


[Site "https://www.chess.com"]

[Event "Titled Tuesday Blitz January 03 Early 2023"]
[White "Silva Lucena, Cristian"]
[Black "Fernandez Garcia, Gumersindo"]
[WhiteFideId "2232588"]
[BlackFideId "24516740"]
[WhiteElo "2285"]
[BlackElo "2160"]
[Result "0-1"]
[Round "05"]
[TimeControl "180+2"]
[Date "2023.01.03"]
[WhiteClock "0:00:04"]
[BlackClock "0:00:21"]

1. Nf3 Nf6 2. g3 g6 3. Bg2 Bg7 4. O-O a6 5. d4 O-O 6. c4 d6 7. b3 c6 8. Bb2 b5 9. cxb5 axb5 10. Nbd2 Bb7 11. e4 Nbd7 12. e5 Nd5 13. Re1 Qa5 14. exd6 exd6 15. Ne4 Qc7 16. Qc1 N7f6 17. Nfd2 Rfe8 18. Nxf6+ Nxf6 19. Rxe8+ Rxe8 20. Qc2 Qa5 21. Nf3 Nd5 22. a3 h6 23. b4 Qb6 24. Rd1 Bc8 25. Nh4 Be6 26. Be4 Ne7 27. Ng2 d5 28. Bd3 Bf5 29. Nf4 Bxd3 30. Qxd3 Nf5 31. Kg2 Nd6 32. h4 Nc4 33. Bc3 Nxa3 34. h5 g5 35. Nh3 Nc4 36. Ng1 Re4 37. Nf3 Qa7 38. Ra1 Qe7 39. Ra8+ Bf8 40. Nd2 Re6 41. Nxc4 bxc4 42. Qf5 Rf6 43. Qg4 Kg7 44. Rc8 Qe6 45. Qxe6 Rxe6 46. Kf3 Be7 47. Re8 Bf6 48. Rc8 Be7 49. Rc7 Kf6 50. Kg2 Kf5 51. Kf3 g4+ 52. Kg2 Ke4 53. Rc8 Kd3 54. Bb2 c3 55. Ba3 c2 56. Rc7 Bxb4 0-1


[Site "https://www.chess.com"]

[Event "Titled Tuesday Blitz January 03 Early 2023"]
[White "Golubova, Anna"]
[Black "Jiganchine, Roman"]
[WhiteFideId "24173606"]
[BlackFideId "2603667"]
[WhiteElo "2156"]
[BlackElo "2205"]
[Result "0-1"]
[Round "05"]
[TimeControl "180+2"]
[Date "2023.01.03"]
[WhiteClock "0:01:41"]
[BlackClock "0:00:08"]

1. d4 d5 2. Nf3 Nf6 3. c4 e6 4. g3 c6 5. Bg2 Be7 6. O-O O-O 7. Nc3 Nbd7 8. Qd3 b6 9. e4 Bb7 10. Rd1 Rc8 11. b3 c5 12. exd5 exd5 13. Bb2 cxd4 14. Nb5 dxc4 15. bxc4 Nc5 16. Qxd4 Qxd4 17. Bxd4 a6 18. Nc3 Rfd8 19. Rab1 Ne6 20. Bxb6 Rxd1+ 21. Rxd1 Rxc4 22. Ne5 Rxc3 23. Bxb7 Rc2 24. a4 h5 25. Bxa6 Ng4 26. Nxg4 hxg4 27. Bb5 Ng5 28. Kg2 Bc5 29. Rd8+ Kh7 30. Bd3+ g6 31. Bxc2 Bxb6 32. a5 Bxd8 33. a6 Bb6 34. Bd1 f5 35. f4 gxf3+ 36. Bxf3 Nxf3 37. Kxf3 Kh6 38. g4 Kg5 39. gxf5 gxf5 40. h4+ Kf6 41. h5 Kg5 42. Kg3 Kxh5 43. Kf4 Kg6 44. Kf3 Kg5 45. Kg3 f4+ 46. Kf3 Kf5 47. Ke2 Ke4 48. Kf1 Ba7 49. Ke2 f3+ 50. Kf1 Kf4 51. Ke1 Kg3 52. Kf1 f2 53. Ke2 Kg2 54. Kd3 f1=Q+ 55. Ke4 Qe2+ 56. Kd5 Qxa6 57. Ke5 Qb5+ 58. Ke4 Qb7+ 59. Ke5 Bb8+ 60. Ke6 Qc6+ 61. Kf7 Bd6 62. Ke6 Bc5+ 63. Ke5 Qd6+ 64. Kf5 Qd5+ 65. Kg6 Qe5 66. Kf7 Bg1 67. Kg8 Qc7 68. Kf8 Qd7 69. Kg8 Qe7 70. Kh8 Bd4+ 71. Kg8 Qg7# 0-1


[Site "https://www.chess.com"]

[Event "Titled Tuesday Blitz January 03 Early 2023"]
[White "Mogirzan, Matei-Valeriu"]
[Black "Kovacsy, Barnabas"]
[WhiteFideId "1257455"]
[BlackFideId "769290"]
[WhiteElo "1813"]
[BlackElo "2245"]
[Result "1-0"]
[Round "05"]
[TimeControl "180+2"]
[Date "2023.01.03"]
[WhiteClock "0:00:10"]
[BlackClock "0:00:22"]

1. e4 c5 2. Nf3 e6 3. d4 cxd4 4. Nxd4 Nc6 5. Nc3 Qc7 6. Be3 a6 7. a3 Nf6 8. Bd3 Ne5 9. Be2 b5 10. O-O Bc5 11. f4 d6 12. Kh1 Ng6 13. b4 Ba7 14. Ndxb5 axb5 15. Nxb5 Qe7 16. Bxa7 Rxa7 17. Nxd6+ Kd8 18. f5 Rd7 19. Nxc8 Rxd1 20. Nxe7 Rxf1+ 21. Bxf1 Nxe7 22. fxe6 fxe6 23. e5 Ng4 24. Bc4 Nxe5 25. Bxe6 Kc7 26. Re1 N5c6 27. h3 Rd8 28. Bb3 Nf5 29. Kh2 Rd2 30. Rf1 g6 31. Rf3 Ne5 32. Rc3+ Kb6 33. a4 Nd4 34. a5+ Kb7 35. Bd5+ Ka6 36. Be4 h5 37. Rc5 Nf7 38. Rc7 Nd6 39. Bd3+ N6b5 40. Rd7 Nxc2 41. Bxb5+ Kxb5 42. Rxd2 Nxb4 43. Rf2 Kxa5 44. Rf6 Nd5 45. Rxg6 Kb4 46. Rg5 Nf6 47. Rf5 Ne4 48. Rf4 Kc5 49. Rxe4 Kd5 50. Rh4 Ke5 51. Rxh5+ Kf4 52. Rh4+ Kg5 53. Rg4+ Kh5 54. Kg3 Kh6 55. Kf4 Kh5 56. Kf5 Kh6 57. Kf6 Kh5 58. g3 1-0


[Site "https://www.chess.com"]

[Event "Titled Tuesday Blitz January 03 Early 2023"]
[White "Mohammed, Zozek Salah Mohammed"]
[Black "Bashirli, Saadat"]
[WhiteFideId "4803361"]
[BlackFideId "13429990"]
[WhiteElo "2210"]
[BlackElo "1571"]
[Result "1-0"]
[Round "05"]
[TimeControl "180+2"]
[Date "2023.01.03"]
[WhiteClock "0:00:17"]
[BlackClock "0:00:02"]

1. d4 d5 2. c4 e6 3. Nf3 c6 4. g3 dxc4 5. Bg2 b5 6. O-O Nf6 7. Ne5 Bb7 8. a4 a6 9. Nc3 Qb6 10. axb5 axb5 11. Rxa8 Bxa8 12. e4 Be7 13. Be3 Qc7 14. d5 Qxe5 15. Bf4 Qh5 16. Bf3 Qg6 17. Bxb8 O-O 18. d6 Rxb8 19. dxe7 Re8 20. Qd8 Qg5 21. Ra1 Bb7 22. Qc7 Bc8 23. e5 Nd5 24. Nxd5 exd5 25. Ra8 Qf5 26. Qd8 Qd7 27. Bg4 Qxd8 28. exd8=Q Rxd8 29. Rxc8 Rxc8 30. Bxc8 d4 31. Kf1 Kf8 32. Bd7 1-0


[Site "https://www.chess.com"]

[Event "Titled Tuesday Blitz January 03 Early 2023"]
[White "Mekhane, Adam"]
[Black "Thiel, Thomas"]
[WhiteFideId "36050601"]
[BlackFideId "4615964"]
[WhiteElo "2280"]
[BlackElo "2234"]
[Result "1-0"]
[Round "05"]
[TimeControl "180+2"]
[Date "2023.01.03"]
[WhiteClock "0:01:10"]
[BlackClock "0:00:45"]

1. b3 e5 2. Bb2 Nc6 3. e3 Nf6 4. Nf3 Bd6 5. d4 exd4 6. Nxd4 Nxd4 7. Qxd4 O-O 8. Nc3 Re8 9. O-O-O Be5 10. Qd2 c6 11. g4 Nxg4 12. Rg1 d5 13. h3 Nf6 14. f4 Ne4 15. Nxe4 Bxb2+ 16. Kxb2 Rxe4 17. Bd3 Qf6+ 18. Kb1 Re8 19. Rg5 h6 20. Rg3 Bf5 21. Rdg1 g6 22. h4 Bxd3 23. Qxd3 Kf8 24. h5 gxh5 25. e4 h4 26. Rg8+ Ke7 27. Rxe8+ Rxe8 28. exd5 cxd5 29. Qxd5 h3 30. Qc5+ 1-0


[Site "https://www.chess.com"]

[Event "Titled Tuesday Blitz January 03 Early 2023"]
[White "Lauridsen, Jesper Morch"]
[Black "TheKnightOfBosnia"]
[WhiteFideId "1401890"]
[WhiteElo "2309"]
[BlackElo "2481"]
[Result "0-1"]
[Round "05"]
[TimeControl "180+2"]
[Date "2023.01.03"]
[WhiteClock "0:00:18"]
[BlackClock "0:01:56"]

1. e4 e5 2. Nc3 Nf6 3. Bc4 Nxe4 4. Qh5 Nd6 5. Bb3 Be7 6. Nf3 Nc6 7. O-O O-O 8. d3 b5 9. Ng5 h6 10. Nxf7 Nxf7 11. Bxh6 Nd4 12. Qg6 Bf6 13. Bd5 c6 14. Be4 Nxh6 15. Qh7+ Kf7 16. f4 d6 17. fxe5 dxe5 18. Qg6+ Ke7 19. Rxf6 Rxf6 20. Qxg7+ Nf7 21. Re1 Be6 22. Bg6 Qg8 23. Qxg8 Rxg8 24. Bxf7 Kxf7 25. Rxe5 Nf3+ 0-1


[Site "https://www.chess.com"]

[Event "Titled Tuesday Blitz January 03 Early 2023"]
[White "Demchenko, Anton"]
[Black "Hoffmann, Asa"]
[WhiteFideId "4160258"]
[BlackFideId "2001470"]
[WhiteElo "2623"]
[BlackElo "2185"]
[Result "1-0"]
[Round "05"]
[TimeControl "180+2"]
[Date "2023.01.03"]
[WhiteClock "0:02:00"]
[BlackClock "0:00:37"]

1. a3 d6 2. Nf3 e5 3. c4 Be6 4. d3 Be7 5. g3 Qd7 6. Nc3 c6 7. e4 h6 8. d4 Qc7 9. d5 Bg4 10. h3 Bh5 11. Bg2 Nf6 12. O-O Nbd7 13. Be3 c5 14. Qd3 a6 15. Nh4 g5 16. Nf5 Bg6 17. Nxe7 Kxe7 18. f4 gxf4 19. gxf4 Rag8 20. Kh2 h5 21. f5 Bh7 22. Rg1 Qb6 23. Qc2 Qa5 24. Bf3 Rxg1 25. Rxg1 Rg8 26. Bg5 Kf8 27. h4 Ng4+ 28. Bxg4 hxg4 29. Rxg4 f6 30. Bh6+ Kf7 31. Rxg8 Bxg8 32. Qg2 Qd8 33. Qg7+ 1-0


[Site "https://www.chess.com"]

[Event "Titled Tuesday Blitz January 03 Early 2023"]
[White "Samunenkov, Ihor"]
[Black "Gjestemoen-VonHirsch, Andre"]
[WhiteFideId "14187086"]
[BlackFideId "1539531"]
[WhiteElo "2501"]
[BlackElo "2314"]
[Result "1-0"]
[Round "05"]
[TimeControl "180+2"]
[Date "2023.01.03"]
[WhiteClock "0:00:04"]
[BlackClock "0:00:09"]

1. d4 g6 2. c4 c5 3. Nf3 cxd4 4. Nxd4 Bg7 5. e4 Nc6 6. Be3 Nf6 7. Nc3 Ng4 8. Qxg4 Nxd4 9. Qd1 Ne6 10. Qd2 O-O 11. Be2 Qa5 12. Rc1 Rd8 13. O-O Nc5 14. f3 d6 15. b3 a6 16. Bd4 Bxd4+ 17. Qxd4 Bd7 18. Nd5 Ne6 19. Nxe7+ Kf8 20. Qxd6 Be8 21. Nxg6+ Kg7 22. Qe5+ Qxe5 23. Nxe5 Rd2 24. Rf2 Rxa2 25. Bf1 Rxf2 26. Kxf2 Rd8 27. Ke3 Nd4 28. b4 b5 29. c5 f6 30. Nd3 Nc6 31. Ra1 Ra8 32. Kd2 Bf7 33. Kc3 Bc4 34. Nf4 Bxf1 35. Rxf1 a5 36. bxa5 Rxa5 37. Rd1 Ra3+ 38. Kb2 b4 39. Rd7+ Kh6 40. Rd6 Na5 41. Rxf6+ Kg5 42. Rf5+ Kh6 43. c6 Nc4+ 44. Kb1 b3 45. Rc5 Nd2+ 46. Kc1 b2+ 47. Kxb2 Rb3+ 48. Kc2 Ra3 49. Kxd2 Ra2+ 50. Ke3 Ra3+ 51. Nd3 Ra8 52. c7 Rd8 53. cxd8=Q 1-0


[Site "https://www.chess.com"]

[Event "Titled Tuesday Blitz January 03 Early 2023"]
[White "Santos Ruiz, Miguel"]
[Black "Qashashvili, Alexandre"]
[WhiteFideId "22291482"]
[BlackFideId "13600842"]
[WhiteElo "2590"]
[BlackElo "2505"]
[Result "1-0"]
[Round "05"]
[TimeControl "180+2"]
[Date "2023.01.03"]
[WhiteClock "0:00:13"]
[BlackClock "0:00:02"]

1. d4 c6 2. e4 d5 3. exd5 cxd5 4. c3 Nc6 5. Bd3 Nf6 6. Nf3 Bg4 7. h3 Bh5 8. Bf4 e6 9. Nbd2 Bd6 10. Bxd6 Qxd6 11. O-O O-O 12. Re1 Rac8 13. Qb1 Bg6 14. Bxg6 hxg6 15. Qd3 a6 16. a4 Rfe8 17. Ne5 Nd7 18. Ndf3 Ncxe5 19. dxe5 Qc5 20. a5 Qc4 21. Qd1 Nc5 22. Nd4 Ne4 23. Ra4 Qc7 24. Qe2 Re7 25. h4 Nc5 26. Raa1 Ne4 27. h5 gxh5 28. Qxh5 g6 29. Qh4 Qd8 30. Re3 Rec7 31. Qh2 Qg5 32. Rh3 Kf8 33. Nf3 Qf5 34. Rf1 Ke7 35. Rh7 Rc4 36. Nd4 Qg5 37. f3 Ng3 38. f4 Nxf1 39. Rxf7+ Ke8 40. Qh8+ Kxf7 41. Qh7+ Ke8 42. fxg5 Ne3 43. Qg8+ Ke7 44. Qxe6+ Kd8 45. Qf6+ Kd7 46. Qf7+ Kd8 47. Ne6# 1-0


[Site "https://www.chess.com"]

[Event "Titled Tuesday Blitz January 03 Early 2023"]
[White "Carrasco Miranda, Andres"]
[Black "Murzin, Volodar"]
[WhiteFideId "3405990"]
[BlackFideId "44155573"]
[WhiteElo "2240"]
[BlackElo "2604"]
[Result "1-0"]
[Round "05"]
[TimeControl "180+2"]
[Date "2023.01.03"]
[WhiteClock "0:00:26"]
[BlackClock "0:00:24"]

1. d4 Nf6 2. c4 g6 3. g3 Bg7 4. Bg2 O-O 5. Nc3 d6 6. Nf3 Nbd7 7. O-O e5 8. e4 a6 9. h3 b5 10. dxe5 dxe5 11. a3 c6 12. Qc2 Bb7 13. Rd1 Qe7 14. b4 bxc4 15. Nd2 c5 16. b5 Nb6 17. a4 axb5 18. Nxb5 Bc6 19. Nxc4 Nxa4 20. Rxa4 Bxb5 21. Rxa8 Rxa8 22. Nb6 Rb8 23. Nd5 Nxd5 24. exd5 Qd6 25. Ba3 Bf8 26. Rb1 Qa6 27. Qc3 Qd6 28. Bb2 Bd7 29. Rc1 f6 30. Ba3 Rc8 31. h4 Be8 32. Qa5 Bf7 33. Rd1 1-0


[Site "https://www.chess.com"]

[Event "Titled Tuesday Blitz January 03 Early 2023"]
[White "Korchmar, Vasiliy"]
[Black "Gutkin, Ilya"]
[WhiteFideId "24131750"]
[BlackFideId "16203470"]
[WhiteElo "2438"]
[BlackElo "2273"]
[Result "1-0"]
[Round "05"]
[TimeControl "180+2"]
[Date "2023.01.03"]
[WhiteClock "0:01:18"]
[BlackClock "0:00:02"]

1. Nf3 c5 2. g3 Nc6 3. Bg2 g6 4. O-O Bg7 5. c4 d6 6. Nc3 e6 7. b3 Nge7 8. Bb2 O-O 9. e3 Nf5 10. Qc2 Rb8 11. Ne4 e5 12. a3 b6 13. h4 Bb7 14. d3 h6 15. Bc3 Nfe7 16. b4 f5 17. Ned2 Qc7 18. b5 Nd8 19. a4 d5 20. cxd5 Nxd5 21. Bb2 Ne6 22. Nc4 Nb4 23. Qb3 e4 24. dxe4 fxe4 25. Bxg7 Kxg7 26. Nfd2 Rbe8 27. Nxe4 Bxe4 28. Bxe4 Nd4 29. exd4 Rxe4 30. dxc5 Qxc5 31. Rac1 Qd4 32. Ne3 h5 33. Rc4 1-0


[Site "https://www.chess.com"]

[Event "Titled Tuesday Blitz January 03 Early 2023"]
[White "Balint, Vilmos"]
[Black "Blanco Ronquillo, Humberto L."]
[WhiteFideId "718050"]
[BlackFideId "3504239"]
[WhiteElo "2169"]
[BlackElo "2442"]
[Result "0-1"]
[Round "05"]
[TimeControl "180+2"]
[Date "2023.01.03"]
[WhiteClock "0:01:28"]
[BlackClock "0:01:14"]

1. e4 c5 2. Nf3 Nc6 3. d4 cxd4 4. Nxd4 e5 5. Nb5 d6 6. c4 Be7 7. Bd3 Be6 8. O-O Rc8 9. b3 a6 10. N5c3 Bg5 11. Ba3 Nge7 12. c5 dxc5 13. Bxc5 Nd4 14. Bxd4 Qxd4 15. Bc4 Bxc4 16. bxc4 Rxc4 17. Qb3 O-O 18. Rd1 Qc5 19. Nd5 Nxd5 20. exd5 Rc2 21. Qg3 Bc1 22. a4 Bb2 23. Ra2 Qxd5 24. Nc3 Bxc3 0-1


[Site "https://www.chess.com"]

[Event "Titled Tuesday Blitz January 03 Early 2023"]
[White "Piesik, Piotr"]
[Black "Petrova, Irina"]
[WhiteFideId "1136194"]
[BlackFideId "14124122"]
[WhiteElo "2426"]
[BlackElo "2108"]
[Result "1-0"]
[Round "05"]
[TimeControl "180+2"]
[Date "2023.01.03"]
[WhiteClock "0:00:04"]
[BlackClock "0:00:01"]

1. Nf3 d6 2. d4 g6 3. g3 Bg7 4. Bg2 Nf6 5. O-O O-O 6. Nbd2 Nc6 7. e4 e5 8. dxe5 dxe5 9. c3 Qe7 10. Qe2 Rd8 11. b4 a6 12. a4 Nd7 13. Nc4 Nf8 14. Ne3 Be6 15. Ba3 Qf6 16. Nd2 Bh6 17. Ndc4 b5 18. Nb2 Rab8 19. axb5 axb5 20. Nd5 Bxd5 21. exd5 Ne7 22. Rfd1 Nf5 23. Nd3 Bg7 24. Nc5 Nd6 25. Bc1 Nd7 26. h4 h6 27. Ne4 Nxe4 28. Bxe4 Nb6 29. Qxb5 Nxd5 30. Qc4 Nb6 31. Rxd8+ Qxd8 32. Qe2 f5 33. Bc2 e4 34. Ra3 Kh7 35. h5 g5 36. g4 Nd5 37. Bd2 Nf4 38. Qe3 Nd5 39. Qc5 Kh8 40. gxf5 Nf6 41. Be3 Nxh5 42. Bxe4 Nf6 43. Bc2 Qd7 44. Ra1 Qe8 45. Rd1 Qh5 46. Rd4 Qe2 47. Bd3 Qe1+ 48. Kg2 g4 49. Bf4 Qd1 50. Bg3 Qf3+ 51. Kg1 Qd1+ 52. Bf1 1-0


[Site "https://www.chess.com"]

[Event "Titled Tuesday Blitz January 03 Early 2023"]
[White "Pinheiro, Iung Alicio de O."]
[Black "Zanette, Edgard Vinicius"]
[WhiteFideId "2104350"]
[BlackFideId "2109263"]
[WhiteElo "2306"]
[BlackElo "2085"]
[Result "1-0"]
[Round "05"]
[TimeControl "180+2"]
[Date "2023.01.03"]
[WhiteClock "0:00:33"]
[BlackClock "0:00:03"]

1. e4 c5 2. Nf3 d6 3. c3 Nf6 4. h3 e6 5. Bd3 d5 6. e5 Nfd7 7. O-O Nc6 8. Re1 Qc7 9. Qe2 c4 10. Bc2 Bc5 11. b3 cxb3 12. axb3 h6 13. d4 Be7 14. Ba3 b6 15. Bxe7 Nxe7 16. Na3 Qb8 17. Nb5 O-O 18. Nd6 Bb7 19. Qd3 g6 20. Qd2 Kg7 21. Nh2 h5 22. Qg5 Nc8 23. Nxf7 Rxf7 24. Qxg6+ Kf8 25. Qxh5 Ke7 26. Qh4+ Ke8 27. Bg6 Ne7 28. Bxf7+ Kxf7 29. Qh5+ Kg7 30. Re3 Nf5 31. Rf3 Qh8 32. Qg5+ Kh7 33. g4 Nh6 34. Qe7+ Qg7 35. Qxe6 Nf8 36. Qd6 Nf7 37. Qe7 Ng5 38. Qxg7+ Kxg7 39. Re3 Ng6 40. Nf1 Nh4 41. Ng3 Bc8 42. Nh5+ Kg6 43. f4 Ne4 44. c4 Bb7 45. Rae1 Rd8 46. cxd5 Bxd5 47. Rxe4 Bxe4 48. Rxe4 Nf3+ 49. Kf2 Nxd4 50. f5+ Kg5 51. e6 Nxb3 52. e7 Re8 53. Ng7 Rxe7 54. Rxe7 1-0


[Site "https://www.chess.com"]

[Event "Titled Tuesday Blitz January 03 Early 2023"]
[White "Vasques, Antonio Pedro Freixial"]
[Black "Saravana, Krishnan P."]
[WhiteFideId "1908332"]
[BlackFideId "5018382"]
[WhiteElo "2214"]
[BlackElo "2284"]
[Result "0-1"]
[Round "05"]
[TimeControl "180+2"]
[Date "2023.01.03"]
[WhiteClock "0:00:18"]
[BlackClock "0:00:52"]

1. e4 Nc6 2. d4 e5 3. d5 Nce7 4. c4 Nf6 5. Nc3 Ng6 6. h4 h5 7. Be3 Bb4 8. f3 c6 9. Ne2 d6 10. a3 Bc5 11. Bxc5 dxc5 12. Qd2 Qd6 13. dxc6 Qxd2+ 14. Kxd2 bxc6 15. Ke3 Nf8 16. Nc1 Ne6 17. Nd3 Nd7 18. Rb1 Rb8 19. g3 Ba6 20. Bh3 Bxc4 21. Bxe6 Bxe6 22. Rhc1 Rb3 23. Rc2 Ke7 24. Rbc1 Rhb8 25. f4 f6 26. fxe5 fxe5 27. Na4 c4 28. Nc5 Nxc5 0-1


[Site "https://www.chess.com"]

[Event "Titled Tuesday Blitz January 03 Early 2023"]
[White "Rosenberg, Evan S"]
[Black "Melian, Juan Sebastian"]
[WhiteFideId "2019299"]
[BlackFideId "3706575"]
[WhiteElo "1956"]
[BlackElo "2293"]
[Result "0-1"]
[Round "05"]
[TimeControl "180+2"]
[Date "2023.01.03"]
[WhiteClock "0:00:12"]
[BlackClock "0:00:14"]

1. d4 Nf6 2. Nf3 e6 3. g3 d5 4. Bg2 Be7 5. O-O O-O 6. c4 dxc4 7. Qc2 a6 8. a4 Bd7 9. Qxc4 Bc6 10. Bg5 Bd5 11. Qc2 Be4 12. Qc1 Nc6 13. Bxf6 Bxf6 14. e3 Nb4 15. Nc3 Bg6 16. Ne5 Bxe5 17. dxe5 Nd3 18. Qd2 Nxe5 19. Qxd8 Raxd8 20. Bxb7 a5 21. Nb5 Rb8 22. Bg2 Bd3 23. Rfc1 Bxb5 24. axb5 Rxb5 25. Rxc7 Rxb2 26. Be4 g6 27. Rxa5 Ng4 28. Rc2 Rfb8 29. h3 Rxc2 30. Bxc2 Nf6 31. Rc5 Kg7 32. e4 Nd7 33. Rc7 Ne5 34. Kg2 Rb2 35. g4 g5 36. Kg3 Ng6 37. Ba4 Kf6 38. Be8 Rb3+ 39. f3 Ne5 40. Kg2 Rb8 41. Ba4 Ng6 42. Kg3 Nf4 43. h4 h6 44. hxg5+ hxg5 45. Bd1 Rb2 46. Rxf7+ Kxf7 47. Be2 Nxe2+ 48. Kf2 Nf4+ 49. Ke3 Rb3+ 50. Kd4 Ke7 51. Ke5 Rb5+ 52. Kd4 e5+ 53. Ke3 Rb3+ 54. Kd2 Rb2+ 55. Kc3 Rf2 56. Kc4 Rxf3 57. Kc5 Re3 58. Kb5 Rxe4 59. Kc5 Re3 60. Kb5 Rf3 61. Kc6 e4 62. Kc5 e3 63. Kd4 e2 64. Ke5 Ng6+ 65. Kd4 Rf4+ 66. Kd3 e1=Q 67. Kc2 Rc4+ 68. Kd3 Rc3+ 69. Kd4 Qe3+ 70. Kd5 Rc5# 0-1


[Site "https://www.chess.com"]

[Event "Titled Tuesday Blitz January 03 Early 2023"]
[White "Berezin, Viktor"]
[Black "Prudnykova, Olga"]
[WhiteFideId "14107872"]
[BlackFideId "14121093"]
[WhiteElo "2307"]
[BlackElo "2268"]
[Result "0-1"]
[Round "05"]
[TimeControl "180+2"]
[Date "2023.01.03"]
[WhiteClock "0:00:01"]
[BlackClock "0:00:14"]

1. d4 Nf6 2. Nf3 g6 3. g3 Bg7 4. Bg2 d5 5. c4 O-O 6. O-O dxc4 7. Na3 c5 8. Nxc4 cxd4 9. Nxd4 Qc7 10. Qb3 e5 11. Nb5 Qe7 12. Nbd6 Nc6 13. e3 Be6 14. Qxb7 Qxb7 15. Nxb7 Bxc4 16. Bxc6 Bxf1 17. Kxf1 Rac8 18. Ba4 Rc7 19. Na5 Ne4 20. f3 Rfc8 21. Nb3 Nc5 22. Nxc5 Rxc5 23. Bd2 e4 24. fxe4 Bxb2 25. Rb1 Bc1 26. Bb4 Rc4 27. Ke2 Rxe4 28. Bd7 Rc7 29. Ba5 Rxe3+ 30. Kf1 Rxd7 31. Rxc1 Red3 32. Ke2 Ra3 33. Rc8+ Kg7 34. Bc3+ Kh6 35. Bd2+ Kg7 36. Bc3+ f6 37. h4 Rxa2+ 38. Kf3 Ra3 39. Kg4 h5+ 40. Kh3 Rd3 41. Bb2 Rxg3+ 42. Kh2 Raf3 43. Rc6 Rg4 0-1


[Site "https://www.chess.com"]

[Event "Titled Tuesday Blitz January 03 Early 2023"]
[White "Garv Gaur"]
[Black "Zia, Tahsin Tajwar"]
[WhiteFideId "45030839"]
[BlackFideId "10211888"]
[WhiteElo "2006"]
[BlackElo "2315"]
[Result "1-0"]
[Round "05"]
[TimeControl "180+2"]
[Date "2023.01.03"]
[WhiteClock "0:02:09"]
[BlackClock "0:00:44"]

1. d4 Nf6 2. Nf3 g6 3. c4 Bg7 4. g3 O-O 5. Bg2 d6 6. O-O Nbd7 7. Nc3 Re8 8. e4 e5 9. h3 c6 10. Re1 a5 11. Be3 Qc7 12. Qc2 exd4 13. Nxd4 Nc5 14. Rad1 Ne6 15. b3 Nxd4 16. Bxd4 Be6 17. Na4 c5 18. Bb2 Rad8 19. Nc3 Qc8 20. Kh2 h5 21. Nb5 h4 22. Nxd6 Rxd6 23. Rxd6 Qc7 24. Be5 hxg3+ 25. Bxg3 Qc8 26. Qd2 Nh5 27. Rd1 Kh7 28. Rd8 Rxd8 29. Qxd8 Qc6 30. Rd6 1-0


[Site "https://www.chess.com"]